AAA EAST
SYRACUSE CHIEFS @ GWINNETT STRIPERS
08/30/2041
 
TOP OF THE 1ST
Syracuse Chiefs batting - Pitching for Gwinnett Stripers : LHP Víctor Gómez
Pitching: LHP Víctor Gómez
Batting: LHB Lauro Malaparte 0-0: Swinging Strike
0-1: Swinging Strike
0-2: Strikes out swinging
Batting: RHB César Ortíz 0-0: Called Strike
0-1: Ground out 6-3 (Groundball, 6, EV 88.8 MPH)
Batting: LHB Pancho Moreno 0-0: Ball
1-0: Ball
2-0: Ball
3-0: Called Strike
3-1: Base on Balls
Batting: RHB Luis Camacho 0-0: Swinging Strike
0-1: Ball
1-1: Ball
2-1: Foul Ball, location: 7LDF
2-2: 2-RUN HOME RUN (Flyball, 9LD, EV 95.0 MPH), Distance : 358 ft
Batting: RHB Ignacio Cruz 0-0: Swinging Strike
0-1: Foul Ball, location: 2F
0-2: Ball
1-2: Ball
2-2: SINGLE (Line Drive, 8RS, EV 106.3 MPH)
Batting: RHB Bobby Tidwell 0-0: SINGLE (Groundball, 34D, EV 105.6 MPH)
Ignacio Cruz to second
Runner from 2nd tries for 3rd, SAFE, throw by RF made to third
Batting: RHB Jim George 0-0: Called Strike
0-1: Fly out, F8 (Line Drive, 8LM, EV 98.8 MPH)
Top of the 1st over - 2 runs, 3 hits, 0 errors, 2 left on base; Syracuse 2 - Gwinnett 0
BOTTOM OF THE 1ST
Gwinnett Stripers batting - Pitching for Syracuse Chiefs : RHP José González
Pitching: RHP José González
Batting: RHB Juan Cervantes 0-0: Ball
1-0: Ball
2-0: Ball
3-0: Called Strike
3-1: Foul Ball, location: 9LSFF
3-2: Fly out, F4 (Popup, 3DF, EV 45.6 MPH)
Batting: RHB Chris Sullivan 0-0: SOLO HOME RUN (Line Drive, 7D, EV 101.9 MPH), Distance : 383 ft
Batting: RHB César Plone 0-0: Foul Ball, location: 5FF
0-1: Ball
1-1: Ground out 6-3 (Groundball, 6, EV 89.4 MPH)
Batting: SHB Kevin Hicks 0-0: Ball
1-0: Called Strike
1-1: Foul Ball, location: 3FF
1-2: SINGLE (Groundball, 6MD, EV 100.6 MPH)
Batting: RHB Sean O'Dennehy 0-0: Ball
1-0: Ball
2-0: Ball
3-0: Base on Balls
Kevin Hicks to second
Batting: RHB Shawn Velázquez 0-0: Called Strike
0-1: Swinging Strike
0-2: Ball
1-2: Ball
2-2: Foul Ball, location: 5FF
2-2: Ball
3-2: Foul Ball, location: 2F
3-2: Strikes out swinging
Bottom of the 1st over - 1 run, 2 hits, 0 errors, 2 left on base; Syracuse 2 - Gwinnett 1
TOP OF THE 2ND
Syracuse Chiefs batting - Pitching for Gwinnett Stripers : LHP Víctor Gómez
Batting: RHB Pete Lindsay 0-0: Foul Ball, location: 9LDF
0-1: Ball
1-1: Foul Ball, location: 9LDF
1-2: Ground out 4-3 (Groundball, 4, EV 79.4 MPH)
Batting: RHB Jimmy Frazier 0-0: Called Strike
0-1: Ball
1-1: Called Strike
1-2: Fly out, F7 (Flyball, 7LM, EV 91.3 MPH)
Batting: LHB Lauro Malaparte 0-0: SINGLE (Line Drive, 78S, EV 105.6 MPH)
Batting: RHB César Ortíz 0-0: Swinging Strike
0-1: Called Strike
0-2: Ball
1-2: Ball
2-2: Ball
3-2: Strikes out swinging
Top of the 2nd over - 0 runs, 1 hit, 0 errors, 1 left on base; Syracuse 2 - Gwinnett 1
BOTTOM OF THE 2ND
Gwinnett Stripers batting - Pitching for Syracuse Chiefs : RHP José González
Batting: LHB Víctor Castro 0-0: Ground out 1-3 (Groundball, 34S, EV 75.0 MPH)
Batting: RHB Shawn Wright 0-0: Called Strike
0-1: Ball
1-1: Foul Ball, location: 23F
1-2: Ball
2-2: Ball
3-2: Fly out, F6 (Popup, 5D, EV 64.4 MPH)
Batting: SHB Rob Alford 0-0: Called Strike
0-1: Called Strike
0-2: Fly out, F7 (Line Drive, 7S, EV 90.6 MPH)
Bottom of the 2nd over - 0 runs, 0 hits, 0 errors, 0 left on base; Syracuse 2 - Gwinnett 1
TOP OF THE 3RD
Syracuse Chiefs batting - Pitching for Gwinnett Stripers : LHP Víctor Gómez
Batting: LHB Pancho Moreno 0-0: Called Strike
0-1: Ball
1-1: Ball
2-1: SINGLE (Flyball, 6MD, EV 85.6 MPH)
Batting: RHB Luis Camacho 0-0: Called Strike
0-1: Ball
1-1: Ball
2-1: Ball
3-1: Base on Balls
Pancho Moreno to second
Batting: RHB Ignacio Cruz 0-0: Called Strike
0-1: Ball
1-1: Swinging Strike
1-2: Ball
2-2: Fly out, F7 (Flyball, 78S, EV 81.3 MPH)
Batting: RHB Bobby Tidwell 0-0: Ball
1-0: DOUBLE (Groundball, 3L, EV 94.4 MPH)
Pancho Moreno scores
Luis Camacho to third
Runner from 3rd tries for Home, SAFE, throw by RF to home
Batting: RHB Jim George 0-0: Ground out 4-3 (Groundball, 4, EV 87.5 MPH)
Bobby Tidwell to third
Batting: RHB Pete Lindsay 0-0: Called Strike
0-1: Ball
1-1: Foul Ball, location: 9LSF
1-2: Foul Ball, location: 2F
1-2: Ball
2-2: SINGLE (Line Drive, 8RS, EV 101.3 MPH)
Bobby Tidwell scores
Pitching: RHP Rob O'Grotty
Batting: RHB Jimmy Frazier 0-0: Foul Ball, location: 9LSF
0-1: Ball
1-1: Ball
Pete Lindsay steals 2nd base
2-1: Ball
3-1: SINGLE (Flyball, 4D, EV 89.4 MPH)
Pete Lindsay to third
Runner from 3rd tries for Home, SAFE, throw by RF to home
Batting: LHB Lauro Malaparte 0-0: Ball
1-0: Ball
2-0: Swinging Strike
2-1: Ball
3-1: Foul Ball, location: 2F
3-2: Base on Balls
Jimmy Frazier to second
Batting: RHB César Ortíz 0-0: Ball
1-0: Fly out, F8 (Flyball, 89M, EV 90.6 MPH)
Top of the 3rd over - 4 runs, 4 hits, 0 errors, 2 left on base; Syracuse 6 - Gwinnett 1
BOTTOM OF THE 3RD
Gwinnett Stripers batting - Pitching for Syracuse Chiefs : RHP José González
Batting: RHB Juan Cervantes 0-0: Fly out, F8 (Flyball, 78D, EV 100.0 MPH)
Batting: RHB Chris Sullivan 0-0: Called Strike
0-1: Foul Ball, location: 9LMF
0-2: Foul Ball, location: 2F
0-2: Ball
1-2: Foul Ball, location: 5FF
1-2: Ball
2-2: SINGLE (Groundball, 15S, EV 73.8 MPH) (infield hit)
Batting: RHB César Plone 0-0: Ball
1-0: Called Strike
1-1: Fly out, F2 (Popup, 5SF, EV 89.4 MPH)
Batting: SHB Kevin Hicks 0-0: Ball
1-0: Ground out 4-3 (Groundball, 34, EV 89.4 MPH)
Bottom of the 3rd over - 0 runs, 1 hit, 0 errors, 1 left on base; Syracuse 6 - Gwinnett 1
TOP OF THE 4TH
Syracuse Chiefs batting - Pitching for Gwinnett Stripers : RHP Rob O'Grotty
Batting: LHB Pancho Moreno 0-0: Swinging Strike
0-1: Swinging Strike
0-2: Ball
1-2: Ball
2-2: Foul Ball, location: 7LDF
2-2: Strikes out swinging
Batting: RHB Luis Camacho 0-0: Swinging Strike
0-1: Called Strike
0-2: Ball
1-2: Strikes out swinging
Batting: RHB Ignacio Cruz 0-0: Ball
1-0: Foul Ball, location: 9LDF
1-1: SINGLE (Groundball, 4MD, EV 105.0 MPH)
Batting: RHB Bobby Tidwell 0-0: Called Strike
0-1: Called Strike
0-2: Strikes out looking
Top of the 4th over - 0 runs, 1 hit, 0 errors, 1 left on base; Syracuse 6 - Gwinnett 1
BOTTOM OF THE 4TH
Gwinnett Stripers batting - Pitching for Syracuse Chiefs : RHP José González
Batting: RHB Sean O'Dennehy 0-0: Fly out, F3 (Line Drive, 3L, EV 66.3 MPH)
Batting: RHB Shawn Velázquez 0-0: Fly out, F9 (Flyball, 89XD, EV 105.6 MPH)
Batting: LHB Víctor Castro 0-0: Ball
1-0: DOUBLE (Line Drive, 78D, EV 98.1 MPH)
Batting: RHB Shawn Wright 0-0: Ground out U3 (Groundball, 34S, EV 83.1 MPH)
Bottom of the 4th over - 0 runs, 1 hit, 0 errors, 1 left on base; Syracuse 6 - Gwinnett 1
TOP OF THE 5TH
Syracuse Chiefs batting - Pitching for Gwinnett Stripers : RHP Rob O'Grotty
Batting: RHB Jim George 0-0: Called Strike
0-1: Swinging Strike
0-2: Strikes out looking
Batting: RHB Pete Lindsay 0-0: Ground out 6-3 (Groundball, 6, EV 95.0 MPH)
Batting: RHB Jimmy Frazier 0-0: Ground out 4-3 (Groundball, 4M, EV 97.5 MPH)
Top of the 5th over - 0 runs, 0 hits, 0 errors, 0 left on base; Syracuse 6 - Gwinnett 1
BOTTOM OF THE 5TH
Gwinnett Stripers batting - Pitching for Syracuse Chiefs : RHP José González
Batting: SHB Rob Alford 0-0: Ball
1-0: Foul Ball, location: 9LDF
1-1: Ball
2-1: Ball
3-1: Ground out 5-3 (Groundball, 25, EV 84.4 MPH)
Batting: RHB Juan Cervantes 0-0: Ball
1-0: Foul Ball, location: 25F
1-1: Swinging Strike
1-2: Strikes out looking
Batting: RHB Chris Sullivan 0-0: Called Strike
0-1: Fly out, F8 (Flyball, 8RD, EV 102.5 MPH)
Bottom of the 5th over - 0 runs, 0 hits, 0 errors, 0 left on base; Syracuse 6 - Gwinnett 1
TOP OF THE 6TH
Syracuse Chiefs batting - Pitching for Gwinnett Stripers : RHP Rob O'Grotty
Batting: LHB Lauro Malaparte 0-0: Ball
1-0: Ground out 4-3 (Groundball, 4, EV 85.0 MPH)
Batting: RHB César Ortíz 0-0: Ball
1-0: Foul Ball, location: 25F
1-1: Swinging Strike
1-2: Strikes out swinging
Batting: LHB Pancho Moreno 0-0: Called Strike
0-1: Foul Ball, location: 5DF
0-2: Strikes out looking
Top of the 6th over - 0 runs, 0 hits, 0 errors, 0 left on base; Syracuse 6 - Gwinnett 1
BOTTOM OF THE 6TH
Gwinnett Stripers batting - Pitching for Syracuse Chiefs : RHP José González
Batting: RHB César Plone 0-0: Called Strike
0-1: Swinging Strike
0-2: Foul Ball, location: 2F
0-2: Fly out, F4 (Popup, 3D, EV 68.8 MPH)
Batting: SHB Kevin Hicks 0-0: Swinging Strike
0-1: Ball
1-1: Ball
2-1: Swinging Strike
2-2: Ball
3-2: Foul Ball, location: 2F
3-2: Foul Ball, location: 2F
3-2: Foul Ball, location: 5F
3-2: Foul Ball, location: 2F
3-2: Strikes out swinging
Batting: RHB Sean O'Dennehy 0-0: Called Strike
0-1: Foul Ball, location: 2LF
0-2: Strikes out looking
Bottom of the 6th over - 0 runs, 0 hits, 0 errors, 0 left on base; Syracuse 6 - Gwinnett 1
TOP OF THE 7TH
Syracuse Chiefs batting - Pitching for Gwinnett Stripers : RHP Rob O'Grotty
Batting: RHB Luis Camacho 0-0: Ball
1-0: Ball
2-0: Foul Ball, location: 2F
2-1: Foul Ball, location: 2F
2-2: SINGLE (Groundball, 4MD, EV 96.9 MPH)
Batting: RHB Ignacio Cruz 0-0: Ball
1-0: Ball
2-0: Swinging Strike
2-1: Ball
3-1: Grounds into double play, 3-6-1 (Groundball, 3, EV 82.5 MPH)
Batting: RHB Bobby Tidwell 0-0: Ball
1-0: Ball
2-0: Called Strike
2-1: Foul Ball, location: 3F
2-2: Foul Ball, location: 2F
2-2: Foul Ball, location: 2F
2-2: Strikes out swinging
Top of the 7th over - 0 runs, 1 hit, 0 errors, 0 left on base; Syracuse 6 - Gwinnett 1
BOTTOM OF THE 7TH
Gwinnett Stripers batting - Pitching for Syracuse Chiefs : RHP José González
Batting: RHB Shawn Velázquez 0-0: Ball
1-0: Foul Ball, location: 3DF
1-1: Fly out, F9 (Flyball, 9, EV 95.0 MPH)
Batting: LHB Víctor Castro 0-0: Ball
1-0: TRIPLE (Line Drive, 89XD, EV 104.4 MPH)
Batting: RHB Shawn Wright 0-0: Called Strike
0-1: Foul Ball, location: 3FF
0-2: Ball
1-2: Ball
2-2: Ball
3-2: Base on Balls
Pitching: RHP Steve Stallings
Batting: SHB Rob Alford 0-0: Ball
1-0: Ball
2-0: Ball
3-0: Called Strike
3-1: Called Strike
3-2: Fly out, F7 (Flyball, 7S, EV 92.5 MPH)
Batting: RHB Juan Cervantes 0-0: Ball
1-0: Called Strike
1-1: Ball
2-1: Foul Ball, location: 2F
2-2: Ball
3-2: Base on Balls
Shawn Wright to second
Batting: RHB Chris Sullivan 0-0: Ball
1-0: Called Strike
1-1: Fielders Choice at 2nd, 6-4 (Groundball, 56, EV 87.5 MPH)
Bottom of the 7th over - 0 runs, 1 hit, 0 errors, 3 left on base; Syracuse 6 - Gwinnett 1
TOP OF THE 8TH
Syracuse Chiefs batting - Pitching for Gwinnett Stripers : RHP Rob O'Grotty
Batting: RHB Jim George 0-0: Called Strike
0-1: Called Strike
0-2: Foul Ball, location: 3F
0-2: Fly out, F7 (Flyball, 7, EV 88.8 MPH)
Batting: RHB Pete Lindsay 0-0: Ground out 5-3 (Groundball, 15, EV 89.4 MPH)
Batting: RHB Jimmy Frazier 0-0: Fly out, F9 (Line Drive, 89S, EV 92.5 MPH)
Top of the 8th over - 0 runs, 0 hits, 0 errors, 0 left on base; Syracuse 6 - Gwinnett 1
BOTTOM OF THE 8TH
Gwinnett Stripers batting - Pitching for Syracuse Chiefs : RHP Steve Stallings
Batting: RHB César Plone 0-0: Ball
1-0: SOLO HOME RUN (Flyball, 78XD, EV 103.8 MPH), Distance : 411 ft
Batting: SHB Kevin Hicks 0-0: Ball
1-0: Foul Ball, location: 3DF
1-1: Foul Ball, location: 2LF
1-2: Strikes out swinging
Batting: RHB Sean O'Dennehy 0-0: Called Strike
0-1: Ball
1-1: Swinging Strike
1-2: Strikes out swinging
Batting: RHB Shawn Velázquez 0-0: Foul Ball, location: 9LDF
0-1: Called Strike
0-2: Ball
1-2: Foul Ball, location: 2F
1-2: Strikes out swinging
Bottom of the 8th over - 1 run, 1 hit, 0 errors, 0 left on base; Syracuse 6 - Gwinnett 2
TOP OF THE 9TH
Syracuse Chiefs batting - Pitching for Gwinnett Stripers : RHP Rob O'Grotty
Batting: LHB Lauro Malaparte 0-0: Ball
1-0: Foul Ball, location: 25F
1-1: Called Strike
1-2: Foul Ball, location: 3F
1-2: Strikes out swinging
Batting: RHB César Ortíz 0-0: Ball
1-0: Ball
2-0: Called Strike
2-1: Ball
3-1: Foul Ball, location: 9LMF
3-2: Base on Balls
Pitching: RHP Mario Pérez
Batting: LHB Pancho Moreno 0-0: Fly out, F8 (Flyball, 8RXD, EV 98.1 MPH)
Batting: RHB Luis Camacho 0-0: Ball
1-0: Swinging Strike
1-1: Ball
2-1: Swinging Strike
2-2: Strikes out looking
Top of the 9th over - 0 runs, 0 hits, 0 errors, 1 left on base; Syracuse 6 - Gwinnett 2
BOTTOM OF THE 9TH
Gwinnett Stripers batting - Pitching for Syracuse Chiefs : RHP Steve Stallings
Batting: LHB Víctor Castro 0-0: Foul Ball, location: 25F
0-1: Ground out 6-3 (Groundball, 6M, EV 86.3 MPH)
Batting: RHB Shawn Wright 0-0: Swinging Strike
0-1: SINGLE (Groundball, 4MD, EV 101.9 MPH) (infield hit)
Batting: SHB Rob Alford 0-0: Ball
1-0: Called Strike
1-1: Ball
2-1: Ball
3-1: Base on Balls
Shawn Wright to second
Pitching: RHP Lonnie Cook
Batting: RHB Juan Cervantes 0-0: Ball
1-0: Swinging Strike
1-1: Ball
2-1: Grounds into double play, 4-6-3 (Groundball, 34, EV 106.3 MPH)
Bottom of the 9th over - 0 runs, 1 hit, 0 errors, 1 left on base; Syracuse 6 - Gwinnett 2
Monday, April 1st , 2024 - OOTP Baseball 24.10 Build 82